Map: Ephemeron LE

Players

bongbinbong

  • Race: Protoss Protoss
  • League: Bronze
  • Spawn Location: 11:00

A.I. 1 (Medium) - Winner!

  • Race: Protoss Protoss
  • Spawn Location: 5:00

VOD

Have the link to the VOD?

Description

Time

  • Played on: Dec. 28, 2019, 5:58 a.m.
  • Length: 5:05
Show
View Real Time Build Order
Export as new Build Order

bongbinbong Protoss 

Build Orders: 1 Gate Expand 

Get SALT Encoding   

  12  0:00  Probe  
  13  0:13  Probe  
  14  0:24  Pylon  
  14  0:33  Probe  
  15  0:48  Gateway  
  16  0:50  Probe (Chrono Boost)  
  16  0:52  Assimilator  
  16  1:02  Probe (Chrono Boost)  
  17  1:10  Probe (Chrono Boost)  
  18  1:22  Nexus  
  18  1:39  Cybernetics Core  
  18  1:47  Probe, Assimilator  
  19  1:59  Probe  
  20  2:02  Gateway  
  20  2:11  Pylon  
  20  2:19  Warp Gate (Chrono Boost)  
  20  2:22  Probe  
  21  2:31  Stalker  
  21  2:36  Probe (Chrono Boost)  
  25  2:38  Probe (Chrono Boost)  
  25  2:46  Probe (Chrono Boost)  
  25  2:49  Probe (Chrono Boost)  
  25  2:51  Stalker  
  29  2:56  Probe  
  30  3:05  Twilight Council  
  30  3:08  Probe  
  30  3:11  Shield Battery  
  31  3:12  Pylon  
  31  3:20  Probe  
  31  3:22  Stalker  
  31  3:25  Probe  
  35  3:33  Probe  
  38  3:38  Probe  
  39  3:41  Assimilator  
  39  3:45  Probe  
  38  3:50  Gateway  
  38  4:00  Stalker x2  
  43  4:10  Probe x2  
  44  4:22  Probe x2  
  44  4:23  Stalker x2  
  50  4:35  Probe x2  
  52  4:47  Probe x2  
  52  4:51  Pylon  
Show
View Real Time Build Order
Export as new Build Order

A.I. 1 (Medium) Protoss - Winner!

Build Orders: 1 Gate Expand 

Get SALT Encoding   

  12  0:00  Probe  
  13  0:13  Probe  
  14  0:20  Pylon  
  14  0:25  Probe  
  15  0:34  Probe  
  15  0:42  Probe  
  17  0:50  Gateway  
  17  1:09  Probe  
  17  1:10  Nexus  
  18  1:26  Pylon  
  18  1:29  Assimilator  
  18  1:39  Zealot  
  20  1:40  Cybernetics Core  
  20  1:42  Probe  
  21  1:54  Probe  
  22  2:04  Gateway, Probe  
  23  2:10  Stalker  
  23  2:13  Assimilator  
  23  2:17  Probe  
  23  2:21  Pylon  
  26  2:29  Probe  
  26  2:34  Warp Gate  
  27  2:38  Zealot  
  29  2:47  Probe  
  29  2:50  Stalker  
  32  3:05  Assimilator  
  32  3:13  Stalker  
  34  3:20  Probe x2  
  36  3:30  Stalker  
  36  3:31  Probe  
  36  3:32  Probe  
  40  3:44  Probe x2  
  42  3:49  Pylon, Sentry  
  44  3:56  Probe x2  
  44  3:59  Adept  
  46  4:08  Probe  
  46  4:09  Probe  
  50  4:20  Probe x2  
  50  4:24  Zealot, Pylon  
  52  4:29  Probe  
  54  4:32  Probe  
  54  4:38  Probe  
  56  4:42  Stalker  
  56  4:44  Pylon  
  59  4:45  Probe  
  59  4:50  Probe  
  62  5:00  Stalker  
Tags
 
Add a new tag
Caveats
  • Supply blocks, unpowered buildings, or Contaminate may cause inaccurate times.
  • Supply counts are checked every 10 seconds.